 Dungeon Crawl Stone Soup version 0.18-a0-917-g8a3da5b (webtiles) character file.

76 Duffy the Conjurer (level 4, 0/24 HPs)
             Began as a Deep Elf Conjurer on Dec 26, 2015.
             Succumbed to an adder's poison
             ... on level 2 of the Dungeon.
             The game lasted 00:01:32 (1498 turns).

Duffy the Conjurer (Deep Elf Conjurer)              Turns: 1498, Time: 00:01:32

Health: 0/24       AC:  2    Str: 10    XL:     4   Next: 12%
Magic:  2/12       EV: 13    Int: 21    God:
Gold:   26         SH:  0    Dex: 15    Spells: 2 memorised, 9 levels left

rFire  . . .     SeeInvis .     (no weapon)
rCold  . . .     Gourm    .     a - +0 robe
rNeg   . . .     Faith    .     (no shield)
rPois  .         Spirit   .     (no helmet)
rElec  .         Dismiss  .     (no cloak)
rCorr  .         Reflect  .     (no gloves)
SustAt .         Harm     .     (no boots)
MR     .....                    (no amulet)
Stlth  ++........               (no ring)
                                (no ring)

@: mighty, lethally poisoned (0 -> -3), about to teleport, not resistant to
hostile enchantments, unstealthy
A: no striking features
a: no special abilities


You were on level 2 of the Dungeon.
You were hungry.

You visited 1 branch of the dungeon, and saw 2 of its levels.

You collected 26 gold pieces.


   Skills:
 - Level 2.4 Dodging
 - Level 2.4 Stealth
 + Level 4.6 Spellcasting
 + Level 5.4 Conjurations


You had 9 spell levels left.
You knew the following spells:

 Your Spells              Type           Power        Failure   Level  Hunger
a - Magic Dart            Conj           ####         1%          1    None
s - Searing Ray           Conj           ####..       1%          2    #......

Inventory:

Armour
 a - a +0 robe (worn)
Scrolls
 d - a scroll of teleportation
 e - a scroll of amnesia {unknown}
 g - a scroll of remove curse
 h - a scroll of blinking {unknown}
Books
 b - a book of Conjurations
Comestibles
 c - 2 bread rations
 f - a beef jerky
 k - 5 chunks of flesh

Dungeon Overview and Level Annotations

Branches:
Dungeon (2/15)

Altars:


Message History

There is a lethal amount of poison in your body!
There is a lethal amount of poison in your body!
There is a lethal amount of poison in your body!
There is a lethal amount of poison in your body!
There is a lethal amount of poison in your body!
There is a lethal amount of poison in your body!
There is a lethal amount of poison in your body!
There is a lethal amount of poison in your body!
There is a lethal amount of poison in your body!
There is a lethal amount of poison in your body!
There is a lethal amount of poison in your body!
There is a lethal amount of poison in your body!
You feel sick.
You feel sick.
Things that are here:
a club; a leather armour
Things that are here:
a club; 10 gold pieces; a hobgoblin corpse You feel sick.
Found 13 gold pieces.
You see here a short sword.
Read which item? (? for menu, Esc to quit)
As you read the scroll labeled MENTOEL PEICW, it crumbles to dust.
You feel blessed for a moment.
It was a scroll of remove curse.
Read which item? (? for menu, Esc to quit)
As you read the scroll of teleportation, it crumbles to dust.
You feel strangely unstable.
You feel sick.
You aren't carrying any potions.
You see here 9 gold pieces.
Your surroundings suddenly seem different.
Read which item? (? for menu, Esc to quit)
As you read the scroll of teleportation, it crumbles to dust.
You feel strangely unstable.
You die...

#......#.# #.#.#
#(####.#.###.#.#
#.#........#...#
#.#.#..#.......#
#.#.##.#.#.###.#
#.#.#....#.# #.#
#.#.#..#.#.###.#
#.#.#..#.....#.#
#.#.@..#######.#
#.#.#.########.#
#.#.#.......<#.#
#.############.#
............#
..###########


There were no monsters in sight!

Action                   |  1- 3 |  4- 6 || total
-------------------------+-------+-------++-------
 Cast: Magic Dart        |    44 |     1 ||    45
       Searing Ray       |     2 |       ||     2
  Use: Scroll            |     1 |     3 ||     4
       Potion            |       |     2 ||     2
  Eat: Chunk             |     1 |       ||     1

Notes
Turn   | Place    | Note
--------------------------------------------------------------
     0 | D:1      | Duffy the Deep Elf Conjurer began the quest for the Orb.
     0 | D:1      | Reached XP level 1. HP: 10/10 MP: 6/6
   701 | D:1      | Reached XP level 2. HP: 15/15 MP: 5/8
  1109 | D:2      | Learned a level 2 spell: Searing Ray
  1185 | D:2      | Reached skill level 4 in Spellcasting
  1185 | D:2      | Reached skill level 5 in Conjurations
  1185 | D:2      | Reached XP level 3. HP: 15/19 MP: 0/10
  1460 | D:2      | Noticed Ijyb
  1470 | D:2      | Killed Ijyb
  1478 | D:2      | Reached XP level 4. HP: 6/24 MP: 0/12
  1498 | D:2      | Succumbed to an adder's poison

Vault maps used:
D:1:      dpeg_arrival_long_road, bh_walls_and_bars
D:2:      nemelex_altar_shiori, nicolae_gozag_cash_rules_everything_around_me,
          uniq_terence, uniq_iyjb

Vanquished Creatures
  Ijyb
  2 adders
  An ooze
  A giant gecko
  A ball python
  2 giant cockroaches
  3 hobgoblins
  5 jackals
  3 bats
  2 giant newts
  A goblin
  2 kobolds
  2 rats
26 creatures vanquished.
